PL
BROOKLYN DODGERS @ BUCKHEAD BOWTIES
09/15/2022
 
TOP OF THE 1ST
Brooklyn Dodgers batting - Pitching for Buckhead Bowties : RHP Kirby Brown
Pitching: RHP Kirby Brown
Batting: RHB Roger Lakes 0-0: Ball
1-0: Foul Ball, location: 2F
1-1: SINGLE (Line Drive, 8LS)
Batting: LHB Rubén López 0-0: Called Strike
Roger Lakes steals 2nd base
0-1: Swinging Strike
0-2: Strikes out looking
Batting: RHB Thom Wilcox 0-0: Called Strike
0-1: Swinging Strike
0-2: Ball
1-2: Ground out 4-3 (Groundball, 13)
Roger Lakes to third
Batting: LHB Ron Bascombe 0-0: Ball
1-0: Ball
2-0: Ball
3-0: Called Strike
3-1: SINGLE (Groundball, 4M)
Roger Lakes scores
Batting: RHB Donald Thompson 0-0: Ball
Ron Bascombe steals 2nd base
1-0: SINGLE (Line Drive, 6MD)
Ron Bascombe to third
Runner from 3rd tries for Home, SAFE, no throw or cutoff
Batting: RHB Luis Rivas 0-0: Called Strike
0-1: Called Strike
0-2: Strikes out swinging
Top of the 1st over - 2 run(s), 3 hit(s), 0 error(s), 1 left on base; Brooklyn 2 - Buckhead 0
BOTTOM OF THE 1ST
Buckhead Bowties batting - Pitching for Brooklyn Dodgers : RHP Tom Jones
Pitching: RHP Tom Jones
Batting: RHB Aaron Phillips 0-0: Fly out, F4 (Line Drive, 4D)
Batting: LHB Neil Lawson 0-0: Ball
1-0: Ball
2-0: Fly out, F4 (Popup, 4D)
Batting: RHB Pedro Morales 0-0: Called Strike
0-1: Ball
1-1: Swinging Strike
1-2: Ball
2-2: Ball
3-2: Foul Ball, location: 2F
3-2: SINGLE (Flyball, 7S)
Batting: LHB Tony Martínez 0-0: Called Strike
Pedro Morales is caught stealing 2nd base
Bottom of the 1st over - 0 run(s), 1 hit(s), 0 error(s), 0 left on base; Brooklyn 2 - Buckhead 0
TOP OF THE 2ND
Brooklyn Dodgers batting - Pitching for Buckhead Bowties : RHP Kirby Brown
Batting: SHB Raymond Bright 0-0: Ball
1-0: Ball
2-0: Foul Ball, location: 2F
2-1: Ground out 4-3 (Groundball, 4)
Batting: RHB Patrick Clark 0-0: Called Strike
0-1: Foul Ball, location: 2F
0-2: Ball
1-2: Ball
2-2: Ground out 5-3 (Groundball, 5D)
Batting: RHB Jorge Torrez 0-0: Ball
1-0: Foul Ball, location: 2F
1-1: Ground out 5-3 (Groundball, 5L)
Top of the 2nd over - 0 run(s), 0 hit(s), 0 error(s), 0 left on base; Brooklyn 2 - Buckhead 0
BOTTOM OF THE 2ND
Buckhead Bowties batting - Pitching for Brooklyn Dodgers : RHP Tom Jones
Batting: LHB Tony Martínez 0-0: Ball
1-0: Called Strike
1-1: Ball
2-1: Ground out 4-3 (Groundball, 34)
Batting: RHB Enrique Marroquín 0-0: Ball
1-0: Foul Ball, location: 2F
1-1: Ball
2-1: Called Strike
2-2: Ball
3-2: Foul Ball, location: 2F
3-2: Fly out, F8 (Flyball, 8RD)
Batting: RHB Gabriel Rodríguez 0-0: SINGLE (Line Drive, 4MD)
Batting: RHB Joe Andrews 0-0: Ball
1-0: Swinging Strike
1-1: Ball
2-1: Foul Ball, location: 2F
2-2: DOUBLE (Line Drive, 7LM)
Gabriel Rodríguez to third
Batting: RHB Dave King 0-0: Ball
1-0: Ball
2-0: Ball
3-0: Called Strike
3-1: Base on Balls
Batting: RHB Greg Robinson 0-0: Ball
1-0: Swinging Strike
1-1: Called Strike
1-2: Strikes out swinging
Bottom of the 2nd over - 0 run(s), 2 hit(s), 0 error(s), 3 left on base; Brooklyn 2 - Buckhead 0
TOP OF THE 3RD
Brooklyn Dodgers batting - Pitching for Buckhead Bowties : RHP Kirby Brown
Batting: RHB Roger Lakes 0-0: Ball
1-0: Ground out 4-3 (Groundball, 4)
Batting: LHB Rubén López 0-0: Ball
1-0: Ball
2-0: Ball
3-0: Base on Balls
Batting: RHB Thom Wilcox 0-0: Swinging Strike
0-1: Swinging Strike
0-2: Ball
1-2: Strikes out swinging
Batting: LHB Ron Bascombe 0-0: Called Strike
0-1: Called Strike
0-2: Hit by Pitch
Rubén López to second
Batting: RHB Donald Thompson 0-0: Ball
1-0: Foul Ball, location: 2F
1-1: Called Strike
1-2: Ball
2-2: Ground out 6-3 (Groundball, 6)
Top of the 3rd over - 0 run(s), 0 hit(s), 0 error(s), 2 left on base; Brooklyn 2 - Buckhead 0
BOTTOM OF THE 3RD
Buckhead Bowties batting - Pitching for Brooklyn Dodgers : RHP Tom Jones
Batting: RHB Aaron Phillips 0-0: Called Strike
0-1: Ball
1-1: Ball
2-1: Swinging Strike
2-2: Ball
3-2: Strikes out swinging
Batting: LHB Neil Lawson 0-0: Called Strike
0-1: Foul Ball, location: 2F
0-2: Ball
1-2: SINGLE (Line Drive, 3D)
Batting: RHB Pedro Morales 0-0: Ball
1-0: Ball
2-0: Ball
3-0: Base on Balls
Neil Lawson to second
Batting: LHB Tony Martínez 0-0: Ball
1-0: DOUBLE (Flyball, 89D)
Neil Lawson scores
Pedro Morales to third
Batting: RHB Enrique Marroquín 0-0: Called Strike
0-1: Foul Ball, location: 2F
0-2: Ball
1-2: Strikes out looking
Batting: RHB Gabriel Rodríguez 0-0: Fly out, F3 (Popup, 3SF)
Bottom of the 3rd over - 1 run(s), 2 hit(s), 0 error(s), 2 left on base; Brooklyn 2 - Buckhead 1
TOP OF THE 4TH
Brooklyn Dodgers batting - Pitching for Buckhead Bowties : RHP Kirby Brown
Batting: RHB Luis Rivas 0-0: Ball
1-0: Ball
2-0: Foul Ball, location: 2F
2-1: Foul Ball, location: 2F
2-2: Foul Ball, location: 2F
2-2: Strikes out looking
Batting: SHB Raymond Bright 0-0: Ball
1-0: Called Strike
1-1: Called Strike
1-2: Foul Ball, location: 2F
1-2: Foul Ball, location: 2F
1-2: Foul Ball, location: 2F
1-2: Ball
2-2: Ball
3-2: Ground out U3 (Groundball, 3L)
Batting: RHB Patrick Clark 0-0: Ball
1-0: Ball
2-0: Swinging Strike
2-1: Ball
3-1: Foul Ball, location: 2F
3-2: Ground out 2-3 (Groundball, 2L)
Top of the 4th over - 0 run(s), 0 hit(s), 0 error(s), 0 left on base; Brooklyn 2 - Buckhead 1
BOTTOM OF THE 4TH
Buckhead Bowties batting - Pitching for Brooklyn Dodgers : RHP Tom Jones
Batting: RHB Joe Andrews 0-0: SOLO HOME RUN (Flyball, 78XD), Distance : 420 ft
Batting: RHB Dave King 0-0: Ball
1-0: Called Strike
1-1: Fly out, F4 (Popup, 6MD)
Batting: RHB Greg Robinson 0-0: Ball
1-0: Fly out, F3 (Line Drive, 34)
Batting: RHB Aaron Phillips 0-0: Ball
1-0: Called Strike
1-1: SINGLE (Line Drive, 6M)
Batting: LHB Neil Lawson 0-0: Ball
1-0: Ball
2-0: Ball
3-0: Base on Balls
Aaron Phillips to second
Batting: RHB Pedro Morales 0-0: Ground out 5-3 (Groundball, 5S)
Bottom of the 4th over - 1 run(s), 2 hit(s), 0 error(s), 2 left on base; Brooklyn 2 - Buckhead 2
TOP OF THE 5TH
Brooklyn Dodgers batting - Pitching for Buckhead Bowties : RHP Kirby Brown
Batting: RHB Jorge Torrez 0-0: TRIPLE (Line Drive, 89M)
Batting: RHB Roger Lakes 0-0: Called Strike
0-1: Ball
1-1: SINGLE (Line Drive, 78S)
Jorge Torrez scores
Batting: LHB Rubén López 0-0: Ball
1-0: Sac Bunt - play at first, batter OUT! 5-4
Roger Lakes to second
Batting: RHB Thom Wilcox 0-0: Foul Ball, location: 2F
Balk!
Roger Lakes to third
0-1: Ball
1-1: Foul Ball, location: 2F
1-2: Ball
2-2: Ball
3-2: Foul Ball, location: 2F
3-2: Ground out 5-3 (Groundball, 5S)
Batting: LHB Ron Bascombe 0-0: Ball
1-0: Ball
2-0: Ball
3-0: Called Strike
3-1: SINGLE (Groundball, 4MD)
Roger Lakes scores
Pitching: RHP Orlando Miranda
Batting: RHB Donald Thompson 0-0: Ball
1-0: Ball
2-0: Ball
3-0: Base on Balls
Ron Bascombe to second
Batting: RHB Luis Rivas 0-0: Called Strike
0-1: Swinging Strike
0-2: Strikes out looking
Top of the 5th over - 2 run(s), 3 hit(s), 0 error(s), 2 left on base; Brooklyn 4 - Buckhead 2
BOTTOM OF THE 5TH
Buckhead Bowties batting - Pitching for Brooklyn Dodgers : RHP Tom Jones
Batting: LHB Tony Martínez 0-0: Called Strike
0-1: Fly out, F8 (Flyball, 8RM)
Batting: RHB Enrique Marroquín 0-0: Swinging Strike
0-1: Called Strike
0-2: Ball
1-2: Strikes out looking
Batting: RHB Gabriel Rodríguez 0-0: Ball
1-0: SINGLE (Groundball, 4MD)
Batting: RHB Joe Andrews 0-0: Ball
1-0: Foul Ball, location: 2F
1-1: Ball
2-1: Ball
3-1: Foul Ball, location: 2F
3-2: SINGLE (Line Drive, 34D)
Gabriel Rodríguez to second
Gabriel Rodríguez to third
Batting: RHB Dave King 0-0: Foul Ball, location: 2F
0-1: Foul Ball, location: 2F
0-2: Ball
1-2: Ball
2-2: Foul Ball, location: 2F
2-2: Foul Ball, location: 2F
2-2: Fielders Choice at 2nd, U6 (Groundball, 6M)
Bottom of the 5th over - 0 run(s), 2 hit(s), 0 error(s), 2 left on base; Brooklyn 4 - Buckhead 2
TOP OF THE 6TH
Brooklyn Dodgers batting - Pitching for Buckhead Bowties : RHP Orlando Miranda
Batting: SHB Raymond Bright 0-0: Foul Ball, location: 2F
0-1: Foul Ball, location: 2F
0-2: Ball
1-2: Ball
2-2: Ball
3-2: Base on Balls
Batting: RHB Patrick Clark 0-0: Called Strike
Raymond Bright steals 2nd base
0-1: Foul Ball, location: 2F
0-2: Ball
1-2: Ball
2-2: Foul Ball, location: 2F
2-2: Ball
3-2: Foul Ball, location: 2F
3-2: Base on Balls
Batting: RHB Jorge Torrez 0-0: Bunted foul
0-1: Sac Bunt - play at first, batter OUT! 5-4
Raymond Bright to third
Patrick Clark to second
Batting: RHB Roger Lakes 0-0: Ground out 2-3 (Groundball, 2L)
Batting: LHB Rubén López 0-0: Ball
1-0: Ball
2-0: Ball
3-0: Base on Balls
Batting: RHB Thom Wilcox 0-0: Ball
1-0: Foul Ball, location: 2F
1-1: Called Strike
1-2: DOUBLE (Flyball, 78D)
Raymond Bright scores
Patrick Clark scores
Rubén López to third
Runner from 3rd tries for Home, SAFE, no throw or cutoff
Pitching: LHP Ethan Bishop
Batting: LHB Ron Bascombe 0-0: Called Strike
0-1: Ball
1-1: Ball
2-1: Ball
3-1: Called Strike
3-2: Base on Balls
Batting: RHB Donald Thompson 0-0: Ball
1-0: Ball
2-0: Called Strike
2-1: SINGLE (Line Drive, 6MD)
Thom Wilcox to third
Ron Bascombe to second
Batting: RHB Luis Rivas 0-0: Ball
1-0: Called Strike
1-1: Called Strike
1-2: Strikes out looking
Top of the 6th over - 3 run(s), 2 hit(s), 0 error(s), 3 left on base; Brooklyn 7 - Buckhead 2
BOTTOM OF THE 6TH
Buckhead Bowties batting - Pitching for Brooklyn Dodgers : RHP Tom Jones
Pitching: RHP Javier Díaz
Batting: RHB Greg Robinson 0-0: Ball
1-0: Foul Ball, location: 2F
1-1: SINGLE (Groundball, 15S) (infield hit)
Batting: RHB Aaron Phillips 0-0: Foul Ball, location: 2F
0-1: Fly out, F8 (Flyball, 8LM)
Batting: LHB Neil Lawson 0-0: Ball
1-0: Swinging Strike
1-1: Ball
2-1: Swinging Strike
2-2: Foul Ball, location: 2F
2-2: Ball
3-2: 2-RUN HOME RUN (Flyball, 89XD), Distance : 395 ft
Batting: RHB Pedro Morales 0-0: Ball
1-0: Called Strike
1-1: Foul Ball, location: 2F
1-2: Ball
2-2: Ball
3-2: Base on Balls
Batting: LHB Tony Martínez 0-0: Called Strike
Pedro Morales steals 2nd base
0-1: Swinging Strike
0-2: Strikes out looking
Batting: RHB Enrique Marroquín 0-0: Ball
1-0: Ground out U3 (Groundball, 3)
Bottom of the 6th over - 2 run(s), 2 hit(s), 0 error(s), 1 left on base; Brooklyn 7 - Buckhead 4
TOP OF THE 7TH
Brooklyn Dodgers batting - Pitching for Buckhead Bowties : LHP Ethan Bishop
Batting: SHB Raymond Bright 0-0: Ball
1-0: Called Strike
1-1: Foul Ball, location: 2F
1-2: Ball
2-2: Ball
3-2: Strikes out looking
Batting: RHB Patrick Clark 0-0: Called Strike
0-1: Foul Ball, location: 2F
0-2: Ball
1-2: Strikes out swinging
Batting: RHB Jorge Torrez 0-0: Called Strike
0-1: Ball
1-1: SINGLE (Line Drive, 56)
Batting: RHB Roger Lakes 0-0: Ball
1-0: Ball
2-0: Called Strike
2-1: Foul Ball, location: 2F
2-2: Foul Ball, location: 2F
2-2: SINGLE (Groundball, 6MD)
Jorge Torrez to second
Batting: LHB Rubén López 0-0: Ground out 4-3 (Groundball, 4)
Top of the 7th over - 0 run(s), 2 hit(s), 0 error(s), 2 left on base; Brooklyn 7 - Buckhead 4
BOTTOM OF THE 7TH
Buckhead Bowties batting - Pitching for Brooklyn Dodgers : RHP Javier Díaz
Batting: RHB Gabriel Rodríguez 0-0: Reached on error, E5 (Groundball, 5S)
Batting: RHB Joe Andrews 0-0: Called Strike
0-1: Called Strike
0-2: Foul Ball, location: 2F
0-2: Strikes out swinging
Pitching: RHP Mike Hickey
Batting: RHB Dave King 0-0: Ball
1-0: Foul Ball, location: 2F
1-1: Ball
2-1: Fly out, F4 (Line Drive, 4M)
2-1: Lined into DP, 4-3 (Line Drive, 4M)
Bottom of the 7th over - 0 run(s), 0 hit(s), 1 error(s), 0 left on base; Brooklyn 7 - Buckhead 4
TOP OF THE 8TH
Brooklyn Dodgers batting - Pitching for Buckhead Bowties : LHP Ethan Bishop
Batting: RHB Thom Wilcox 0-0: Called Strike
0-1: Called Strike
0-2: Ball
1-2: Ground out 5-3 (Groundball, 56)
Batting: LHB Ron Bascombe 0-0: Ball
1-0: Foul Ball, location: 2F
1-1: Foul Ball, location: 2F
1-2: Foul Ball, location: 2F
1-2: Ground out 4-3 (Groundball, 4)
Batting: RHB Donald Thompson 0-0: Ball
1-0: Fly out, F5 (Line Drive, 5S)
Top of the 8th over - 0 run(s), 0 hit(s), 0 error(s), 0 left on base; Brooklyn 7 - Buckhead 4
BOTTOM OF THE 8TH
Buckhead Bowties batting - Pitching for Brooklyn Dodgers : RHP Mike Hickey
Batting: RHB Greg Robinson 0-0: SINGLE (Line Drive, 4MD)
Pitching: RHP Henry Hart
Batting: RHB Aaron Phillips 0-0: Called Strike
0-1: Ball
1-1: Called Strike
1-2: Ball
2-2: Ball
3-2: Foul Ball, location: 2F
3-2: Ground out 5-3 (Groundball, 56)
Greg Robinson to second
Batting: LHB Neil Lawson 0-0: Ball
1-0: Fly out, F8 (Line Drive, 8RM)
Batting: RHB Pedro Morales 0-0: Ball
1-0: Called Strike
1-1: Fly out, F6 (Popup, 6)
Bottom of the 8th over - 0 run(s), 1 hit(s), 0 error(s), 1 left on base; Brooklyn 7 - Buckhead 4
TOP OF THE 9TH
Brooklyn Dodgers batting - Pitching for Buckhead Bowties : LHP Ethan Bishop
Batting: RHB Luis Rivas 0-0: Ball
1-0: Called Strike
1-1: Ball
2-1: SINGLE (Groundball, 6)
Batting: SHB Raymond Bright 0-0: Bunted foul
0-1: Bunt missed!
0-2: Ball
1-2: Fly out, F5 (Popup, 5F)
Pitching: RHP Floyd Cotton
Batting: RHB Patrick Clark 0-0: Called Strike
0-1: Swinging Strike
0-2: Ball
1-2: Ball
2-2: Ball
3-2: Fly out, F8 (Flyball, 8LS)
3-2: Fly out, F8 (Flyball, 8LS)
Batting: RHB Jorge Torrez 0-0: Ball
Throwing error on steal attempt, E2
Luis Rivas to third
1-0: Ball
2-0: Ball
3-0: Ground out 4-3 (Groundball, 6M)
Top of the 9th over - 0 run(s), 1 hit(s), 1 error(s), 1 left on base; Brooklyn 7 - Buckhead 4
BOTTOM OF THE 9TH
Buckhead Bowties batting - Pitching for Brooklyn Dodgers : RHP Henry Hart
Pitching: RHP Barry Jones
Batting: LHB Tony Martínez 0-0: Called Strike
0-1: Ground out 4-3 (Groundball, 4M)
Batting: RHB Enrique Marroquín 0-0: Ball
1-0: Swinging Strike
1-1: Swinging Strike
1-2: Ball
2-2: Foul Ball, location: 2F
2-2: Strikes out looking
Batting: RHB Gabriel Rodríguez 0-0: Foul Ball, location: 2F
0-1: Ball
1-1: Ball
2-1: Foul Ball, location: 2F
2-2: Ball
3-2: Fly out, F8 (Flyball, 8RD)
Bottom of the 9th over - 0 run(s), 0 hit(s), 0 error(s), 0 left on base; Brooklyn 7 - Buckhead 4
This league is powered by Out of the Park Baseball, the baseball management simulation game for PC, Mac and Linux
Friday, April 15th, 2016 - OOTP Baseball 16.9 Build 39